 Dungeon Crawl Stone Soup version 0.30.1-9-gdf580d7c3d (webtiles) character file.

Game seed: 15571849423190605794

25496 lonewolfV2 the Cleaver (level 12, -13/113 HPs)
             Began as a Minotaur Fighter on Oct 22, 2023.
             Was an Elder of Dithmenos.
             Mangled by a skeletal warrior
             ... wielding a +0 long sword
              (17 damage)
             ... on level 13 of the Dungeon.
             The game lasted 00:28:58 (12394 turns).

lonewolfV2 the Cleaver (Minotaur Fighter)          Turns: 12394, Time: 00:28:58

Health: -13/113    AC: 29    Str: 24    XL:     12   Next: 90%
Magic:  0/11       EV:  6    Int:  5    God:    Dithmenos [****..]
Gold:   951        SH: 20    Dex: 18    Spells: 11/11 levels left

rFire   + + .        t - +3 hand axe "Ywaitez" {drain, rElec rF+ Will- rCorr}
rCold   + . .        P - +2 tower shield {AC+3}
rNeg    . . .        K - +7 plate armour {ponderous}
rPois   +            (helmet restricted)
rElec   +            b - +2 cloak
rCorr   +            (no gloves)
SInv    +            (no boots)
Will    .....        p - amulet of guardian spirit Stlth
                     k - +6 ring of dexterity
HPRegen 0.38/turn    r - ring of see invisible
MPRegen 0.12/turn

%: guardian spirit
@: mighty, resistant, on berserk cooldown, slowed, wreathed by umbra, very slow
A: horns 2, retaliatory headbutt
a: Renounce Religion, Shadow Step


You were on level 13 of the Dungeon.
You worshipped Dithmenos.
Dithmenos was greatly pleased with you.
You visited 2 branches of the dungeon, and saw 15 of its levels.
You also visited: Sewer and Ossuary.

You collected 951 gold pieces.

Inventory:

Hand Weapons
 a - a +1 war axe
 t - the +3 hand axe "Ywaitez" (weapon) {drain, rElec rF+ Will- rCorr}
   (You found it in a sewer)

   rF:        It protects you from fire.
   rElec:     It insulates you from electricity.
   rCorr:     It protects you from acid and corrosion.
   Will:      It decreases your willpower.
 V - a +2 demon trident of draining
Missiles
 s - a throwing net (quivered)
Armour
 b - a +2 cloak (worn)
 j - a +2 chain mail of cold resistance
 K - a +7 plate armour of ponderousness (worn)
 P - a +2 tower shield of protection (worn)
Jewellery
 f - a ring of flight
 h - a ring of magical power
 i - a +4 ring of protection
 k - a +6 ring of dexterity (left hand)
 p - an amulet of guardian spirit (around neck)
 r - a ring of see invisible (right hand)
 M - an amulet of the acrobat
 O - a ring of fire
 S - a +5 ring of evasion
Wands
 e - a wand of charming (18)
 G - a wand of polymorph (8)
 L - a wand of flame (13)
 N - a wand of iceblast (9)
Scrolls
 g - 3 scrolls of noise
 q - 4 scrolls of blinking
 w - 7 scrolls of poison
 y - 5 scrolls of teleportation
 B - a scroll of silence
 C - 4 scrolls of amnesia
 F - 3 scrolls of fog
 R - 3 scrolls of butterflies
 T - 2 scrolls of identify
 U - a scroll of magic mapping
Potions
 d - a potion of might
 l - 5 potions of attraction
 n - 2 potions of lignification
 o - 3 potions of haste
 v - 6 potions of brilliance
 x - 2 potions of flight
 z - 3 potions of berserk rage
 A - a potion of ambrosia
 D - a potion of mutation {unknown}
 E - a potion of magic {unknown}
 H - a potion of degeneration {unknown}
 Q - a potion of resistance
Miscellaneous
 u - a phantom mirror (inert)


   Skills:
 + Level 12.6 Fighting
 - Level 13.6 Axes
 + Level 12.6 Armour
 + Level 12.5 Shields
 * Level 6.6 Evocations


You had 11 spell levels left.
You didn't know any spells.
Your spell library contained the following spells:

 Spells                   Type           Power      Damage    Failure   Level
 Blink                    Tloc           0%         N/A       100%        2
 Lesser Beckoning         Tloc           0%         N/A       100%        2
 Momentum Strike          Conj/Tloc      0%         3d8       100%        2
 Inner Flame              Hex/Fire       0%         N/A       100%        3
 Stone Arrow              Conj/Erth      0%         3d7       100%        3
 Animate Armour           Summ/Erth      0%         N/A       100%        4
 Flame Wave               Conj/Fire      0%         2d4       100%        4
 Sticky Flame             Conj/Fire      0%         2d3       100%        4
 Lehudib's Crystal Spear  Conj/Erth      0%         10d2      100%        8


Dungeon Overview and Level Annotations

Branches:
Dungeon (14/15)            Temple (1/1) D:7            Lair (0/5) D:11
    Orc (0/2) D:9          Vaults (0/5) D:13          Sewer (visited)
Ossuary (visited)

Altars:
Ashenzari
Cheibriados
Dithmenos
Elyvilon
Fedhas
Gozag
Hepliaklqana
Kikubaaqudgha
Makhleb
Nemelex Xobeh
Okawaru
Qazlal
Ru
Trog
Wu Jian
Xom
Yredelemnul
Zin
The Shining One
Lugonu

Shops:
D:6 ((   D:9 :   D:10 !

Portals:
Trove: D:11 (give 8 scrolls of blinking)

Annotations:
D:7 2 transporters


Innate Abilities, Weirdness & Mutations

You have a pair of horns on your head.
You reflexively headbutt those who attack you in melee.


Message History

You closely miss the skeletal warrior.
The skeletal warrior is moderately damaged.
You block the skeletal warrior's attack.
You hit the skeletal warrior.
The skeletal warrior is moderately damaged.
You block the skeletal warrior's attack. x2
You slash the skeletal warrior!
The skeletal warrior is heavily damaged.
You block the skeletal warrior's attack.
You closely miss the skeletal warrior.
The skeletal warrior is heavily damaged.
You block the skeletal warrior's attack.
You hit the skeletal warrior.
The skeletal warrior is heavily damaged.
You block the skeletal warrior's attack.
You slash the skeletal warrior! You headbutt the skeletal warrior!
The skeletal warrior is severely damaged.
The skeletal warrior hits you but does no damage.
You hit the skeletal warrior but do no damage.
Your headbutt misses the skeletal warrior.
The skeletal warrior is severely damaged.
You block the skeletal warrior's attack.
You closely miss the skeletal warrior.
You headbutt the skeletal warrior, but do no damage.
The skeletal warrior is severely damaged.
The skeletal warrior hits you with a +0 long sword.
* * * LOW HITPOINT WARNING * * *
The skeletal warrior hits you with a +0 long sword!
* * * LOW HITPOINT WARNING * * *
You slash the skeletal warrior!
The skeletal warrior is severely damaged.
You block the skeletal warrior's attack.
You hit the skeletal warrior.
The skeletal warrior is severely damaged.
The skeletal warrior barely misses you.
You hit the skeletal warrior but do no damage.
The skeletal warrior is severely damaged.
Your shadow barely misses the skeletal warrior.
The skeletal warrior hits you with a +0 long sword!!
You die...

.#..............# #.########...
.#...####'###...# #............
.#...#......#...# #..#####.....
.#...#......#...# #..# #.....
.#...#......#...#####..# #.....
.#...####+###..........# #.....
##............##'###...# #....#
...[........).#....#.<.#####....#
..............#.@..#............#
.....#######..#.z..#...........)#
.....# #..#....'............#
####.# #..#....#...########.# #.#
#..#....#...# #.. #.#
#..#....#...# #.. #.#
#..######...# #.# #.#
#...........########.# #.#
#.......^............#


You could see a skeletal warrior.

Vanquished Creatures
  Agnes (D:14)
  2 centaur warriors
  2 two-headed ogres
  2 boulder beetles (D:13)
  Urug (D:13)
  A skeletal warrior (D:14)
  Pikel (D:6)
  2 ugly things (D:13)
  A cyclops (D:8)
  Maurice (D:11)
  A gargoyle (D:8)
  A komodo dragon (D:12)
  3 unseen horrors
  A rime drake (D:11)
  A polar bear (D:11)
  4 trolls
  14 slime creatures
  2 wyverns
  2 shadows
  8 yaks
  A basilisk (D:13)
  15 humans (D:13)
  7 wraiths
  Grum (D:9)
  4 steam dragons
  4 vampire mosquitoes
  Menkaure (D:5)
  An acid dragon (D:12)
  2 water moccasins (D:8)
  7 orc warriors
  8 ice beasts
  3 ogres
  A black bear (D:6)
  A sky beast (D:7)
  5 wolves
  7 centaurs
  A phantom (D:6)
  8 bullfrogs
  4 scorpions
  A gnoll sergeant (D:7)
  4 wights
  10 killer bees
  An electric eel (D:9)
  6 howler monkeys
  2 hounds (D:5)
  2 jellies
  12 orc priests
  3 iguanas
  2 sleepcaps (D:8)
  Ijyb (D:3)
  7 orc wizards
  2 mummies
  Robin (D:3)
  11 gnolls
  13 adders
  A shadow imp (D:6)
  2 white imps
  2 ufetubi (D:6)
  3 dart slugs
  39 orcs
  11 ball pythons
  6 endoplasms
  4 giant cockroaches
  8 goblins
  10 hobgoblins
  4 jackals (D:2)
  7 kobolds
  6 quokkas
  5 bats
  11 frilled lizards
  7 gnoll skeletons (Ossuary)
  4 kobold skeletons (Ossuary)
  14 orc skeletons (Ossuary)
  3 rats
357 creatures vanquished.

Vanquished Creatures (collateral kills)
  A boulder beetle (D:14)
  A tarantella (shapeshifter) (D:8)
2 creatures vanquished.

Grand Total: 359 creatures vanquished

Notes
Turn   | Place    | Note
-------+----------+-------------------------------------------
     0 | D:1      | lonewolfV2 the Minotaur Fighter began the quest for the
                  | Orb.
     0 | D:1      | Reached XP level 1. HP: 19/19 MP: 0/0
   244 | D:1      | Reached XP level 2. HP: 27/27 MP: 1/1
   459 | D:1      | Found a faded altar of an unknown god.
   625 | D:2      | Reached XP level 3. HP: 33/33 MP: 2/2
   649 | D:2      | Found a white marble altar of Elyvilon.
   922 | D:2      | Reached XP level 4. HP: 41/41 MP: 3/3
  1534 | D:3      | Reached skill level 5 in Armour
  1534 | D:3      | Reached XP level 5. HP: 23/47 MP: 4/4
  1747 | D:3      | Reached skill level 5 in Fighting
  1747 | D:3      | Found a glowing drain.
  1756 | Sewer    | Entered a sewer
  1785 | Sewer    | Reached skill level 5 in Shields
  1867 | Sewer    | Identified the +3 hand axe "Ywaitez" {drain, rElec rF+
                  | Will- rCorr}
  2054 | D:3      | Reached XP level 6. HP: 46/56 MP: 5/5
  2058 | D:3      | Reached skill level 3 in Axes
  2217 | D:3      | Noticed Ijyb
  2217 | D:3      | Noticed Robin
  2229 | D:3      | Killed Robin
  2232 | D:3      | Killed Ijyb
  3036 | D:4      | Found a bloodstained altar of Trog.
  3048 | D:4      | Reached skill level 4 in Axes
  3095 | D:4      | Identified the +1 short sword of Pary {flame, Fly rF+ rN++
                  | Int-3}
  3160 | D:4      | Identified the +2 sling "Regh" {freeze, rElec rC+}
  3306 | D:5      | Entered Level 5 of the Dungeon
  3391 | D:5      | Reached XP level 7. HP: 56/63 MP: 6/6
  3453 | D:5      | Noticed Menkaure
  3463 | D:5      | Reached skill level 5 in Axes
  3497 | D:5      | Killed Menkaure
  3813 | D:5      | Reached XP level 8. HP: 56/71 MP: 7/7
  3950 | D:5      | Reached skill level 6 in Axes
  4234 | D:6      | Reached skill level 7 in Axes
  4407 | D:6      | Found a basalt altar of Yredelemnul.
  4423 | D:6      | Noticed Pikel
  4436 | D:6      | Killed Pikel
  4437 | D:6      | Reached skill level 8 in Axes
  4437 | D:6      | Reached XP level 9. HP: 69/80 MP: 8/8
  4506 | D:6      | Found a sand-covered staircase.
  4592 | Ossuary  | Entered an ossuary
  4886 | D:6      | Reached skill level 9 in Axes
  4962 | D:6      | Found Veptot's Antique Weapon Shop.
  4977 | D:6      | Found Soosiloco's Weapon Emporium.
  5341 | D:7      | Found a flagged portal.
  5422 | D:7      | Found a staircase to the Ecumenical Temple.
  5444 | Temple   | Entered the Ecumenical Temple
  5453 | Temple   | Became a worshipper of Dithmenos the Shadowed
  5510 | D:7      | Found a corrupted altar of Lugonu.
  5511 | D:7      | Noticed a brown ugly thing
  5511 | D:7      | Noticed a cyan ugly thing
  5513 | D:7      | Noticed a red ugly thing
  5937 | D:7      | Reached skill level 10 in Axes
  5974 | D:7      | Found a glowing golden altar of the Shining One.
  5996 | D:7      | Found a transporter.
  6000 | D:7      | Found a transporter.
  6438 | D:8      | Reached XP level 10. HP: 88/91 MP: 9/9
  6581 | D:8      | Noticed a centaur warrior
  6601 | D:8      | Killed a centaur warrior
  6807 | D:8      | Noticed a cyclops
  6807 | D:8      | Noticed a gargoyle
  6813 | D:8      | Reached skill level 11 in Axes
  6830 | D:8      | Killed a cyclops
  6859 | D:8      | a shapeshifter changed into a faun
  6859 | D:8      | Noticed a faun (shapeshifter)
  6863 | D:8      | a faun changed into a shapeshifter
  6887 | D:8      | Reached * piety under Dithmenos
  7226 | D:8      | Killed a gargoyle
  7246 | D:8      | Identified the +6 scimitar of Zoukk {elec, rN++ Str+3
                  | Int-5}
  7263 | D:8      | Identified the +1 spear of the Final Chapter {heavy, SInv
                  | Stlth+}
  7806 | D:9      | Found Igoed's Self-Improvement Boutique.
  7824 | D:9      | Reached skill level 10 in Armour
  7830 | D:9      | Reached skill level 10 in Fighting
  7832 | D:9      | Reached skill level 12 in Axes
  7832 | D:9      | Reached skill level 10 in Shields
  8205 | D:9      | Reached XP level 11. HP: 85/100 MP: 10/10
  8432 | D:9      | Noticed Grum
  8434 | D:9      | Reached ** piety under Dithmenos
  8442 | D:9      | Killed Grum
  8555 | D:9      | Found a staircase to the Orcish Mines.
  8745 | D:10     | Entered Level 10 of the Dungeon
  8863 | D:10     | Reached skill level 13 in Axes
  9314 | D:10     | Found a blossoming altar of Fedhas.
  9439 | D:10     | Found Fakhlir's Distillery.
  9561 | D:11     | Reached *** piety under Dithmenos
  9792 | D:11     | Found a staircase to the Lair.
  9810 | D:11     | Reached skill level 1 in Evocations
  9885 | D:11     | Found a portal to a secret trove of treasure.
  9889 | D:11     | Noticed a two-headed ogre
  9901 | D:11     | Killed a two-headed ogre
 10234 | D:11     | Noticed Maurice
 10248 | D:11     | Killed Maurice
 10493 | D:12     | Reached XP level 12. HP: 110/110 MP: 11/11
 11279 | D:13     | Noticed a boulder beetle
 11316 | D:13     | Killed a boulder beetle
 11700 | D:13     | Noticed a centaur warrior
 11785 | D:13     | Killed a centaur warrior
 11786 | D:13     | Reached skill level 5 in Evocations
 11805 | D:13     | Noticed Urug
 11826 | D:13     | Killed Urug
 11849 | D:13     | Noticed a boulder beetle
 11857 | D:13     | Reached **** piety under Dithmenos
 11864 | D:13     | Noticed a two-headed ogre
 11875 | D:13     | Killed a two-headed ogre
 11882 | D:13     | Killed a boulder beetle
 12004 | D:13     | Found a gate to the Vaults.
 12038 | D:13     | Found an ornate altar of the Wu Jian Council.
 12315 | D:14     | Noticed Agnes
 12315 | D:14     | Noticed a boulder beetle
 12327 | D:14     | Killed a boulder beetle
 12350 | D:14     | Killed Agnes
 12364 | D:14     | Noticed a death knight
 12391 | D:13     | HP: 3/113 [skeletal warrior/+0 long sword (7)]
 12394 | D:13     | Mangled by a skeletal warrior

Illustrated notes

Levels and vault maps discovered:
D:1:      mrwooster_arrival_arrow, layout_basic,
          shapermc_ecumenical_altar_totnotflames
D:2:      layout_basic, basic_altar, grunt_ministairs_14,
          minmay_misc_feat_encased
D:3:      layout_basic, portal_sewer_entry_d, nicolae_goblin_pals
D:4:      layout_gridville, mainiacjoe_overflow_tiny_flanked
D:5:      layout_rooms, serial_glass, glass_columns_b, glass_columns_a,
          minmay_crystal_room, uniq_menkaure, uniq_ijyb
D:6:      layout_rooms, lemuel_tele_altar, serial_shops, shop,
          gup_ossuary_entry_pyramid, nicolae_take_the_stairs, uniq_pikel
D:7:      gammafunk_corrupted_shrine, layout_cave_pods,
          mainiacjoe_overflow_boulevard, minmay_temple_entry_grid,
          enter_bailey_2
D:8:      minmay_the_grid_triangle_9x9_recursive_2
          [minmay_the_grid_triangle_9x9_prize_insulated,
          minmay_the_grid_triangle_9x9_warning,
          minmay_the_grid_triangle_9x9_negative_grid,
          minmay_the_grid_triangle_9x9_pentomino_pain], layout_basic,
          grunt_tough_drop
D:9:      layout_roguey, erik_orc_2, chequers_serial_rivers_micro_e,
          corner_web_ring, nicolae_shop_self_help, uniq_grum
D:10:     layout_big_octagon, fedhas_altar_3, serial_shops,
          nicolae_lakefront_shop
D:11:     layout_rooms, hellmonk_lair_entry_icy,
          nicolae_trove_entry_free_sample, uniq_maurice
D:12:     layout_loops_cross, kennysheep_nub
D:13:     layout_irregular_city, david_vaults_3, nzn_wu_jian_council_hall
D:14:     layout_roguey, serial_bayou_pond_b, uniq_agnes
Temple:   dpeg_three_leaves_temple

Skill      XL: |  1  2  3  4  5  6  7  8  9 10 11 12 |
---------------+-------------------------------------+-----
Fighting       | 4 5 6 7 9 10 11 12 | 12.6
Armour         | 4 5 6 7 9 10 11 12 | 12.6
Shields        | 4 5 6 7 8 10 11 12 | 12.5
Axes           | 4 5 8 10 12 13 | 13.6
Evocations     | 2 6 |  6.6

Action                     |  1- 3 |  4- 6 |  7- 9 | 10-12 || total
---------------------------+-------+-------+-------+-------++-------
  Melee: War axe           |    49 |    60 |       |       ||   109
         Headbutt          |     5 |    15 |    42 |   189 ||   251
         Hand axe          |       |    94 |   250 |   695 ||  1039
  Evoke: Wand              |       |       |     1 |     5 ||     6
         Phantom mirror    |       |       |       |     1 ||     1
    Use: Scroll            |     2 |    13 |     6 |     5 ||    26
         Potion            |       |       |     3 |    19 ||    22
 Armour: Scale mail        |     8 |       |       |       ||     8
         Chain mail        |    28 |   110 |   158 |    40 ||   336
         Plate armour      |       |       |       |   256 ||   256
  Dodge: Dodged            |    22 |    61 |   105 |   116 ||   304
  Block: Buckler           |    11 |    45 |    68 |    74 ||   198
         Tower shield      |       |       |       |   401 ||   401
